 Dungeon Crawl Stone Soup version 0.31.0-1-g2c135a0 (webtiles) character file.

Game seed: 18151405932564459622

989 jagoly the Conjurer (level 8, -1/55 HPs)
             Began as an Octopode Conjurer on Jan 24, 2024.
             Slain by a kobold brigand
             ... wielding a +0 dagger
              (4 damage)
             ... in a sewer.
             The game lasted 00:18:06 (1882 turns).

jagoly the Conjurer (Octopode Conjurer)             Turns: 1882, Time: 00:18:07

Health: -1/55      AC:  1    Str:  6    XL:     8   Next: 18%
Magic:  9/12       EV: 13    Int: 23    God:
Gold:   42         SH:  0    Dex: 10    Spells: 9/13 levels left

rFire   . . .        a - +0 dagger (vamp)
rCold   . . .        (no shield)
rNeg    . . .        (helmet restricted)
rPois   .            (no amulet)
rElec   .            (no ring)
rCorr   .            (no ring)
SInv    .            (no ring)
Will    .....        (no ring)
Stlth   ++++         (no ring)
HPRegen 0.29/turn    (no ring)
MPRegen 0.13/turn    (no ring)
                     (no ring)

%: no passive effects
@: no status effects
A: almost no armour, amphibious, 8 rings, camouflage 1, gelatinous body 1,
nimble swimmer 1, tentacles
a: no special abilities


You were in a sewer.
You visited 1 branch of the dungeon, and saw 6 of its levels.
You also visited: Sewer.

You collected 64 gold pieces.
You spent 22 gold pieces at shops.

Inventory:

Hand Weapons
 a - a +0 vampiric dagger (weapon)
 b - a +0 sling
 p - a +0 orcbow
 t - a +1 whip of freezing
Missiles
 e - 16 poisoned darts
 l - 10 stones
 n - 9 boomerangs (quivered)
 v - 6 atropa-tipped darts
Talismans
 k - a beast talisman
Scrolls
 d - 2 scrolls of identify
 g - 2 scrolls of enchant armour {unknown}
 i - a scroll of fog {unknown}
 j - 3 scrolls of enchant weapon {unknown}
 q - a scroll of noise {unknown}
 r - a scroll of fear {unknown}
 s - a scroll of teleportation {unknown}
Potions
 c - a potion of haste
 f - 3 potions of cancellation
 h - a potion of magic
 m - a potion of invisibility
 o - 2 potions of brilliance
 u - a potion of mutation


   Skills:
 * Level 5.3 Fighting
 + Level 3.9 Dodging
 - Level 4.0 Stealth
 - Level 3.0 Spellcasting
 + Level 6.8 Conjurations


You had 9 spell levels left.
You knew the following spells:

 Your Spells              Type           Power      Damage    Failure   Level
a - Magic Dart            Conj           100%       1d8       1%          1
s - Searing Ray           Conj           70%        2d7       1%          2
x - Sting                 Conj/Alch      76%        1d7       2%          1

Your spell library contained the following spells:

 Spells                   Type           Power      Damage    Failure   Level
 Mercury Vapours          Alch/Air       6%         N/A       17%         2
 Fulminant Prism          Conj/Alch      9%         3d7       28%         4
 Iskenderun's Mystic Bla  Conj/Tloc      19%        2d6       28%         4
 Olgreb's Toxic Radiance  Alch           3%         N/A       75%         4


Dungeon Overview and Level Annotations

Branches:
Dungeon (6/15) Zot: 26806   Sewer (1/1) Zot: 5929
 Temple: D:4-7

Altars:
Uskayaw

Shops:
D:1 :   D:4 :?

Annotations:
D:2 Natasha


Innate Abilities, Weirdness & Mutations

You cannot wear most types of armour.
You are amphibious.
You can wear up to eight rings at the same time.
Your skin changes colour to match your surroundings (Stealth+).
Your rubbery body absorbs attacks. (AC +1, EV +1)
You are camouflaged when in or above water. (Stealth+)
You have tentacles for arms and can constrict up to eight enemies at once.


Message History

The orc shouts!
An orc comes into view. It is wielding a +0 club.
An orc comes into view.
It is wielding a +0 mace and wearing a +0 ring mail of cold resistance.
Found a hound corpse.
Found a hide-covered altar of Uskayaw.
Cast which spell? (? or * to list)
Aiming: Sting (safe; 3% risk of failure)
Press: ? - help, Shift-Dir - straight line, f - orc
Aim: an orc, wielding a +0 club (74% to hit)
The sting hits the orc.
The orc is poisoned.
The orc is heavily wounded.
The orc shouts!
There is a stone staircase leading down here.
You hit the orc.
You feel better.
You kill the orc!
Things that are here:
a +0 short sword; an orc corpse Cast which spell? (? or * to list)
Aiming: Sting (safe; 3% risk of failure)
Press: ? - help, Shift-Dir - straight line, f/p - orc
Aim: an orc, wielding a +0 club (74% to hit)
The sting hits the orc.
The orc is poisoned.
The orc is almost dead.
You barely miss the orc. You grab the orc.
The orc is almost dead.
You constrict the orc.
You kill the orc!
Cast which spell? (? or * to list)
Aiming: Sting (safe; 3% risk of failure)
Press: ? - help, Shift-Dir - straight line, f - orc
Aim: an orc, wielding a +0 mace and wearing a +0 ring mail of cold resistance (77% to hit)
The sting hits the orc.
The orc is poisoned.
The orc is moderately wounded.
The orc hits you with a +0 mace.
Okay, then.
Unknown command.
You barely miss the orc. Your grab misses the orc. Your squeeze misses the orc.
The orc is moderately wounded.
The orc misses you.
You hit the orc but do no damage. You grab the orc. You squeeze the orc.
The orc is almost dead.
You constrict the orc, but do no damage.
The orc barely misses you.
You barely miss the orc.
The orc is almost dead.
You constrict the orc.
You kill the orc!
Press: ? - help, v - describe, . - travel, g - get item
Items here: a +0 short sword; an orc corpse.
The floor.
Items here: )) [ ††.
Found a howler monkey corpse, an orc corpse and a water moccasin corpse.
You see here a +0 morningstar.
A black bear comes into view.
Found a stone staircase leading up.
The black bear growls angrily.
Cast which spell? (? or * to list)
Aiming: Sting (safe; 3% risk of failure)
Press: ? - help, Shift-Dir - straight line, f - black bear
Aim: a black bear (81% to hit)
The sting hits the black bear.
The black bear is poisoned.
The black bear is lightly wounded.
Cast which spell? (? or * to list)
Aiming: Sting (safe; 3% risk of failure)
Press: ? - help, Shift-Dir - straight line, f/p - black bear
Aim: a black bear (lightly wounded, poisoned, 81% to hit)
The sting hits the black bear.
The black bear looks even sicker.
The black bear is lightly wounded.
Cast which spell? (? or * to list)
Aiming: Sting (safe; 3% risk of failure)
Press: ? - help, Shift-Dir - straight line, f/p - black bear
Aim: a black bear (lightly wounded, very poisoned, 81% to hit)
The sting hits the black bear.
The black bear looks even sicker.
The black bear is lightly wounded.
Cast which spell? (? or * to list)
Aiming: Sting (safe; 3% risk of failure)
Press: ? - help, Shift-Dir - straight line, f/p - black bear
Aim: a black bear (lightly wounded, very poisoned, 81% to hit)
The sting hits the black bear.
The black bear looks as sick as possible!
The black bear is moderately wounded.
The black bear bites you! The black bear claws you.
The black bear completely misses you.
You hit the black bear. Your grab misses the black bear.
The black bear is moderately wounded.
The black bear bites you. The black bear claws you. x2
You hit the black bear but do no damage.
Your grab misses the black bear. You squeeze the black bear!
The black bear is almost dead.
A water moccasin comes into view.
The black bear goes berserk!
The water moccasin hisses angrily.
You hit the black bear.
You feel better.
You kill the black bear!
Found an escape hatch in the ceiling.
There is a stone staircase leading up here.
You climb upwards.
You hear the sound of rushing water.
There is an entrance to a sewer on this level.
Hurry and find it before the portal rusts away!
You hear the hiss of flowing sand.
There is an entrance to an ossuary on this level.
Hurry and find it before the portal is buried!
There is a stone staircase leading down here.
A white imp comes into view.
The helpless white imp fails to defend itself.
You puncture the white imp!
You kill the white imp!
HP restored.
Found 6 boomerangs.
n - 9 boomerangs (gained 6)
You hear the slow rusting of a distant drain.
You hear the slow hiss of a very distant avalanche of sand.
As you read the scroll of identify, it crumbles to dust.
u - a potion of mutation Magic restored.
Magic restored.
Found a short sword.
A scorpion comes into view.
Cast which spell? (? or * to list)
Aiming: Sting (safe; 3% risk of failure)
Press: ? - help, Shift-Dir - straight line, f - scorpion
Aim: a scorpion (asleep, 100% to hit)
The sting hits the scorpion but does no damage.
The scorpion is poisoned.
Cast which spell? (? or * to list)
Aiming: Sting (safe; 3% risk of failure)
Press: ? - help, Shift-Dir - straight line, f/p - scorpion
Aim: a scorpion (lightly wounded, poisoned, 74% to hit)
The sting hits the scorpion but does no damage.
The scorpion looks even sicker.
The scorpion is lightly wounded.
Cast which spell? (? or * to list)
Aiming: Sting (safe; 3% risk of failure)
Press: ? - help, Shift-Dir - straight line, f/p - scorpion
Aim: a scorpion (lightly wounded, very poisoned, 74% to hit)
The sting hits the scorpion!
The scorpion looks even sicker.
The scorpion is severely wounded.
You kill the scorpion!
Found a rapier.
You see here a scorpion corpse.
You see here a +0 short sword.
Found 6 atropa-tipped darts.
You open the door.
Found 12 gold pieces.
Found a stone staircase leading up.
There is an open door here.
You now have enough gold to buy a scroll of teleportation on D:4.
You can access your shopping list by pressing '$'.
You now have 42 gold pieces (gained 12).
There is an open door here.
You see here 6 atropa-tipped darts.
v - 6 atropa-tipped darts You hear the slow rusting of a drain very nearby.
You hear the slow hiss of a very distant avalanche of sand.
A gnoll comes into view. It is wielding a +0 club.
Cast which spell? (? or * to list)
Aiming: Sting (safe; 3% risk of failure)
Press: ? - help, Shift-Dir - straight line, f - gnoll
Aim: a gnoll, wielding a +0 club (77% to hit)
You miscast Sting.
You are very lightly contaminated with residual magic.
Nothing appears to happen.
The gnoll hits you with a +0 club.
Cast which spell? (? or * to list)
Aiming: Sting (safe; 3% risk of failure)
Press: ? - help, Shift-Dir - straight line, f/p - gnoll
Aim: a gnoll, wielding a +0 club (77% to hit)
The sting hits the gnoll.
The gnoll is poisoned.
The gnoll is moderately wounded.
The gnoll closely misses you.
Cast which spell? (? or * to list)
Aiming: Sting (safe; 3% risk of failure)
Press: ? - help, Shift-Dir - straight line, f/p - gnoll
Aim: a gnoll, wielding a +0 club (moderately wounded, poisoned, 77% to hit)
The sting hits the gnoll.
The gnoll looks even sicker.
The gnoll is severely wounded.
The gnoll hits you with a +0 club.
You hit the gnoll but do no damage. Your grab misses the gnoll.
You squeeze the gnoll.
The gnoll is severely wounded.
The gnoll misses you.
You hit the gnoll. You grab the gnoll.
The gnoll is almost dead.
You constrict the gnoll.
You kill the gnoll!
You have reached level 8!
A hound and 2 gnolls come into view.
The gnoll shouts!
A gnoll comes into view. It is wielding a +0 halberd.
Your magical contamination has completely faded away.
Cast which spell? (? or * to list)
You can't see any susceptible monsters within range! (Use Z to cast anyway.) Cast which spell? (? or * to list)
Aiming: Sting (safe; 3% risk of failure)
Press: ? - help, Shift-Dir - straight line, f - gnoll
Aim: a gnoll, wielding a +0 flail (77% to hit)
The sting hits the gnoll.
The gnoll is poisoned.
The gnoll is heavily wounded.
Cast which spell? (? or * to list)
Aiming: Sting (safe; 3% risk of failure)
Press: ? - help, Shift-Dir - straight line, f/p - gnoll
Aim: a gnoll, wielding a +0 flail (heavily wounded, poisoned, 77% to hit)
The sting misses the gnoll.
Cast which spell? (? or * to list)
Aiming: Sting (safe; 3% risk of failure)
Press: ? - help, Shift-Dir - straight line, f/p - gnoll
Aim: a gnoll, wielding a +0 flail (heavily wounded, poisoned, 77% to hit)
The sting hits the gnoll.
The gnoll looks even sicker.
The gnoll is almost dead.
You kill the gnoll!
You see here a scorpion corpse.
You see here a +0 short sword.
You open the door.
Cast which spell? (? or * to list)
Aiming: Sting (safe; 3% risk of failure)
Press: ? - help, Shift-Dir - straight line, f - gnoll
Aim: a gnoll, wielding a +0 halberd (wandering, hasn't noticed you, 77% to hit)
The sting hits the gnoll.
The gnoll is poisoned.
The gnoll is lightly wounded.
The gnoll shouts!
You hear a shout!
The hound barks!
Cast which spell? (? or * to list)
Aiming: Sting (safe; 3% risk of failure)
Press: ? - help, Shift-Dir - straight line, f/p - gnoll
Aim: a gnoll, wielding a +0 halberd (lightly wounded, poisoned, 77% to hit)
The sting hits the gnoll.
The gnoll looks even sicker.
The gnoll is moderately wounded.
The gnoll hits you from afar with a +0 halberd!
The gnoll attacks as it pursues you!
The gnoll hits you from afar with a +0 halberd!
You kill the gnoll!
Your Fighting skill increases to level 5!
Cast which spell? (? or * to list)
Aiming: Sting (safe; 3% risk of failure)
Press: ? - help, Shift-Dir - straight line, f - hound
Aim: a hound (64% to hit)
The sting hits the hound but does no damage.
The hound is poisoned.
Cast which spell? (? or * to list)
Aiming: Sting (safe; 3% risk of failure)
Press: ? - help, Shift-Dir - straight line, f/p - hound
Aim: a hound (lightly wounded, poisoned, 64% to hit)
The sting hits the hound.
The hound looks even sicker.
The hound is moderately wounded.
You hit the hound but do no damage. You grab the hound. You squeeze the hound!
The hound is almost dead.
You constrict the hound. The hound bites you. The hound barely misses you.
You hit the hound.
You kill the hound!
You see here a hound corpse.
Things that are here:
a +0 halberd; a gnoll corpse Cast which spell? (? or * to list)
Aiming: Sting (safe; 3% risk of failure)
Press: ? - help, Shift-Dir - straight line, f - gnoll
Aim: a gnoll, wielding a +0 spear (77% to hit)
The sting hits the gnoll!
The gnoll is poisoned.
The gnoll is severely wounded.
Cast which spell? (? or * to list)
Aiming: Magic Dart (safe; 1% risk of failure)
Press: ? - help, Shift-Dir - straight line, f/p - gnoll
Aim: a gnoll, wielding a +0 spear (severely wounded, poisoned, 100% to hit)
The magic dart hits the gnoll.
You kill the gnoll!
You hear the slow rusting of a drain very nearby.
You hear the hiss of a very distant avalanche of sand.
There is an open door here.
Things that are here:
a +0 spear; a gnoll corpse 2 giant cockroaches and 2 quokkas come into view.
Found a glowing drain.
Cast which spell? (? or * to list)
Aiming: Magic Dart (safe; 1% risk of failure)
Press: ? - help, Shift-Dir - straight line, f - giant cockroach
Aim: a giant cockroach (asleep, 100% to hit)
The magic dart hits the giant cockroach.
The giant cockroach is moderately wounded.
You hit the giant cockroach but do no damage.
You grab the giant cockroach.
You squeeze the giant cockroach, but do no damage.
The giant cockroach is moderately wounded.
You constrict the giant cockroach. You hit the giant cockroach.
You kill the giant cockroach!
You barely miss the giant cockroach. Your grab misses the giant cockroach.
The giant cockroach barely misses you.
You closely miss the giant cockroach. Your grab misses the giant cockroach.
The giant cockroach bites you.
You barely miss the giant cockroach. You grab the giant cockroach.
You constrict the giant cockroach, but do no damage.
The giant cockroach closely misses you.
The giant cockroach bites you but does no damage.
You hit the quokka.
You feel better.
You grab the quokka. Your squeeze misses the quokka.
The quokka is almost dead.
You constrict the giant cockroach, but do no damage.
You constrict the quokka.
You kill the quokka!
The giant cockroach bites you but does no damage.
You hit the giant cockroach. You squeeze the giant cockroach.
You kill the giant cockroach!
You enter the shallow water.
A quokka and a giant cockroach come into view.
You see here a giant cockroach corpse.
The quokka closely misses you. The quokka barely misses you.
You hit the quokka but do no damage. Your grab misses the quokka.
The quokka bites you. x2
You hit the quokka. Your grab misses the quokka.
Your squeeze misses the quokka.
The quokka is moderately wounded.
The quokka closely misses you. x2
You miss the quokka. You grab the quokka.
The quokka is moderately wounded.
You constrict the quokka, but do no damage.
The quokka misses you. x2
The quokka splashes around in the water.
Cast which spell? (? or * to list)
Aiming: Sting (safe; 3% risk of failure)
Press: ? - help, Shift-Dir - straight line, f - quokka
Aim: a quokka (moderately wounded, constricted by you, 94% to hit)
The sting misses the quokka.
You constrict the quokka.
The quokka bites you but does no damage.
The quokka splashes around in the water.
The quokka barely misses you.
Cast which spell? (? or * to list)
Aiming: Sting (safe; 3% risk of failure)
Press: ? - help, Shift-Dir - straight line, f/p - quokka
Aim: a quokka (heavily wounded, constricted by you, 94% to hit)
The sting hits the quokka but does no damage.
The quokka is poisoned.
The quokka is heavily wounded.
You constrict the quokka.
You kill the quokka!
The quokka misses you.
You barely miss the quokka. You grab the quokka. You constrict the quokka.
The quokka barely misses you.
You hit the quokka but do no damage. Your squeeze misses the quokka.
The quokka is lightly wounded.
You constrict the quokka. The quokka closely misses you.
Cast which spell? (? or * to list)
Aiming: Sting (safe; 3% risk of failure)
Press: ? - help, Shift-Dir - straight line, f - quokka
Aim: a quokka (moderately wounded, constricted by you, 94% to hit)
The sting hits the quokka.
The quokka is poisoned.
The quokka is heavily wounded.
You constrict the quokka. The quokka barely misses you. The quokka bites you.
You hit the quokka.
You feel better.
The quokka is almost dead.
You constrict the quokka.
You kill the quokka!
The giant cockroach bites you but does no damage.
You hit the giant cockroach but do no damage.
You grab the giant cockroach.
You constrict the giant cockroach, but do no damage.
The giant cockroach misses you.
You hit the giant cockroach.
You feel better.
The giant cockroach is moderately wounded.
You constrict the giant cockroach. The giant cockroach bites you.
You hit the giant cockroach.
You feel better.
You squeeze the giant cockroach, but do no damage.
The giant cockroach is severely wounded.
You constrict the giant cockroach. The giant cockroach closely misses you.
You hit the giant cockroach but do no damage.
The giant cockroach is almost dead.
You constrict the giant cockroach, but do no damage.
The giant cockroach misses you.
You barely miss the giant cockroach.
The giant cockroach is almost dead.
You constrict the giant cockroach.
You kill the giant cockroach!
No target in view!
There is a glowing drain here.
You see here a quokka corpse.
The world spins around you as you enter the gateway.
You enter a sewer!
Found a gate leading back out of this place.
There is an empty arch of ancient stone here.
A kobold brigand comes into view.
It is wielding a +0 short sword and quivering poisoned darts.
You enter the shallow water.
The helpless kobold brigand fails to defend itself.
You puncture the kobold brigand!
You feel better.
Your grab misses the kobold brigand.
The kobold brigand is heavily wounded.
The kobold brigand hits you with a +0 short sword.
Cast which spell? (? or * to list)
Aiming: Sting (safe; 3% risk of failure)
Press: ? - help, Shift-Dir - straight line, f - kobold brigand
Aim: a kobold brigand, wielding a +0 short sword and quivering poisoned darts (heavily wounded, 67% to hit)
The sting misses the kobold brigand.
The kobold brigand hits you with a +0 short sword.
Cast which spell? (? or * to list)
Aiming: Sting (safe; 3% risk of failure)
Press: ? - help, Shift-Dir - straight line, f/p - kobold brigand
Aim: a kobold brigand, wielding a +0 short sword and quivering poisoned darts (heavily wounded, 67% to hit)
The sting hits the kobold brigand but does no damage.
The kobold brigand is poisoned.
The kobold brigand is heavily wounded.
The kobold brigand splashes around in the water.
You hit the kobold brigand. You grab the kobold brigand.
You squeeze the kobold brigand.
The kobold brigand is severely wounded.
You constrict the kobold brigand, but do no damage.
The kobold brigand barely misses you.
You hit the kobold brigand.
You feel better.
The kobold brigand is almost dead.
You constrict the kobold brigand, but do no damage.
The kobold brigand hits you with a +0 short sword!
You hit the kobold brigand but do no damage.
The kobold brigand is almost dead.
You constrict the kobold brigand.
You kill the kobold brigand!
You hear a splash. x2
e - 16 poisoned darts (gained 8)
You see here a +0 short sword.
You enter the shallow water.
You enter the shallow water.
You enter the shallow water.
A river rat comes into view.
Found 2 potions of cancellation.
The helpless river rat fails to defend itself.
You puncture the river rat! You grab the river rat.
The river rat is severely wounded.
You constrict the river rat, but do no damage.
The river rat bites you.
You hit the river rat.
You feel better.
Your squeeze misses the river rat.
The river rat is severely wounded.
You constrict the river rat, but do no damage.
The river rat closely misses you.
You hit the river rat.
The river rat is almost dead.
You constrict the river rat, but do no damage.
The river rat bites you!
Cast which spell? (? or * to list)
Okay, then.
You hit the river rat but do no damage. Your squeeze misses the river rat.
The river rat is almost dead.
You constrict the river rat.
You kill the river rat!
You see here a river rat corpse.
f - 3 potions of cancellation (gained 2) Magic restored.
You see here a river rat corpse.
You enter the shallow water.
A kobold brigand comes into view.
It is wielding a +0 dagger and quivering poisoned darts.
The helpless kobold brigand fails to defend itself.
You hit the kobold brigand. Your grab misses the kobold brigand.
Your squeeze misses the kobold brigand.
The kobold brigand is moderately wounded.
The kobold brigand splashes around in the water.
Cast which spell? (? or * to list)
Aiming: Sting (safe; 2% risk of failure)
Press: ? - help, Shift-Dir - straight line, f - kobold brigand
Aim: a kobold brigand, wielding a +0 dagger and quivering poisoned darts (moderately wounded, 67% to hit)
The sting hits the kobold brigand.
The kobold brigand is poisoned.
The kobold brigand is moderately wounded.
The kobold brigand hits you with a +0 dagger.
Cast which spell? (? or * to list)
Aiming: Sting (safe; 2% risk of failure)
Press: ? - help, Shift-Dir - straight line, f/p - kobold brigand
Aim: a kobold brigand, wielding a +0 dagger and quivering poisoned darts (moderately wounded, poisoned, 67% to hit)
The sting hits the kobold brigand.
The kobold brigand looks even sicker.
The kobold brigand is moderately wounded.
The kobold brigand hits you with a +0 dagger!
You hit the kobold brigand but do no damage.
Your grab misses the kobold brigand.
The kobold brigand is moderately wounded.
The kobold brigand hits you with a +0 dagger.
* * * LOW HITPOINT WARNING * * *
Hit: a) +0 dagger (vamp)
Press: ? - help, Dir - move target, f/p - kobold brigand
Aim: a kobold brigand, wielding a +0 dagger and quivering poisoned darts (heavily wounded, very poisoned, about 44% to evade your +0 vampiric dagger)
You miss the kobold brigand. You grab the kobold brigand.
You squeeze the kobold brigand.
The kobold brigand is severely wounded.
You constrict the kobold brigand, but do no damage.
The kobold brigand hits you with a +0 dagger!
* * * LOW HITPOINT WARNING * * *
Hit: a) +0 dagger (vamp)
Press: ? - help, Dir - move target, f/p - kobold brigand
Aim: a kobold brigand, wielding a +0 dagger and quivering poisoned darts (severely wounded, constricted by you, very poisoned, about 10% to evade your +0 vampiric dagger)
You hit the kobold brigand but do no damage.
The kobold brigand is severely wounded.
You constrict the kobold brigand, but do no damage.
The kobold brigand hits you with a +0 dagger!
* * * LOW HITPOINT WARNING * * *
Hit: a) +0 dagger (vamp)
Press: ? - help, Dir - move target, f/p - kobold brigand
Aim: a kobold brigand, wielding a +0 dagger and quivering poisoned darts (severely wounded, constricted by you, very poisoned, about 10% to evade your +0 vampiric dagger)
You hit the kobold brigand but do no damage.
The kobold brigand is severely wounded.
You constrict the kobold brigand, but do no damage.
The kobold brigand hits you with a +0 dagger!
* * * LOW HITPOINT WARNING * * *
Okay, then.
Unknown command.
Cast which spell? (? or * to list)
Aiming: Magic Dart (safe; 1% risk of failure)
Press: ? - help, Shift-Dir - straight line, f/p - kobold brigand
Aim: a kobold brigand, wielding a +0 dagger and quivering poisoned darts (severely wounded, constricted by you, very poisoned, 100% to hit)
The magic dart hits the kobold brigand.
The kobold brigand is almost dead.
You constrict the kobold brigand.
The kobold brigand hits you with a +0 dagger.
You die...

.~# ### .~## #~###~ ###
~~.# #~##PP #~# ~..#
#~##P# #~# .~# #)#.P~
#~######~####~#.P######
#†#~~K@~.~.##~#....≈≈≈#
#~######~~..#~#.∩.≈≈≈≈#
#~#.~~~~~~.~#~#.∩.≈≈≈#
#~#P..~.~~~.#~#...≈≈≈#
##~#~~.~..~.~~P...≈≈≈≈#
#~~~~P.~.##~.P~...≈≈≈##
##...PPP###.~PP..#####
######## ########


You could see a kobold brigand (poisoned).

Vanquished Creatures
  Pikel (D:4)
  A black bear (D:6)
  A centaur (D:3)
  A lemure (D:3)
  A kobold brigand (Sewer)
  A scorpion (D:5)
  A bombardier beetle (D:4)
  A hound (D:5)
  4 gnolls (D:5)
  4 adders
  A river rat (Sewer)
  A white imp (D:5)
  2 ribbon worms
  4 dart slugs
  6 orcs
  7 endoplasms
  5 giant cockroaches
  6 goblins
  5 hobgoblins
  3 jackals (D:1)
  4 quokkas
  3 ball pythons
  A bat (D:1)
  A frilled lizard (D:3)
  6 kobolds
  4 rats
75 creatures vanquished.

Notes
Turn   | Place    | Note
-------+----------+-------------------------------------------
     0 | D:1      | jagoly the Octopode Conjurer began the quest for the Orb.
     0 | D:1      | Reached XP level 1. HP: 11/11 MP: 3/3
    13 | D:1      | Found Letocoma's Vocational Training.
    94 | D:1      | Reached XP level 2. HP: 18/18 MP: 0/5
   293 | D:2      | Noticed Natasha
   299 | D:2      | Reached skill level 1 in Fighting
   312 | D:1      | Reached XP level 3. HP: 23/23 MP: 6/6
   437 | D:1      | Learned a level 2 spell: Searing Ray
   766 | D:2      | Reached XP level 4. HP: 29/29 MP: 5/7
   777 | D:2      | Reached skill level 5 in Conjurations
   892 | D:3      | Noticed a centaur
   921 | D:3      | Killed a centaur
   922 | D:3      | Reached XP level 5. HP: 24/34 MP: 3/8
   976 | D:4      | Found Visaleg's Magic Scroll Emporium.
   981 | D:4      | Bought a scroll of identify for 22 gold pieces
  1055 | D:4      | Noticed a lemure
  1055 | D:4      | Noticed a lemure
  1055 | D:4      | Noticed Pikel
  1126 | D:3      | Killed a lemure
  1392 | D:4      | Reached skill level 6 in Conjurations
  1420 | D:4      | Learned a level 1 spell: Sting
  1427 | D:4      | Found Neemuech's Self-Improvement Boutique.
  1443 | D:4      | Noticed a lemure
  1456 | D:4      | Noticed a lemure
  1517 | D:4      | Killed Pikel
  1518 | D:4      | Reached XP level 6. HP: 20/43 MP: 0/10
  1518 | D:4      | Reached XP level 7. HP: 23/48 MP: 0/11
  1539 | D:4      | You fall into a shaft and drop 2 floors!
  1573 | D:6      | Found a hide-covered altar of Uskayaw.
  1618 | D:5      | Entered Level 5 of the Dungeon
  1726 | D:5      | Reached XP level 8. HP: 46/54 MP: 8/12
  1758 | D:5      | Reached skill level 5 in Fighting
  1779 | D:5      | Found a glowing drain.
  1812 | Sewer    | Entered a sewer
  1882 | Sewer    | Slain by a kobold brigand

Illustrated notes

Levels and vault maps discovered:
D:1:      ncdulo_halloftheorcs, layout_basic, dk_noncrumbling_3,
          nicolae_shop_vocational
D:2:      layout_rooms, uniq_natasha
D:3:      layout_basic, serial_bayou_ford_a, minmay_curled_crystal
D:4:      layout_loops_ring, cheibrodos_ashenzari_chains, serial_shops, shop,
          nicolae_shop_self_help, uniq_crazy_yiuf_cottage, uniq_ijyb, uniq_pikel
D:5:      layout_basic, bloody_makhleb, portal_sewer_entry_f,
          mainiacjoe_ossuary_entry_find_the_door, grunt_ministairs_14,
          minmay_misc_feat_ornament
D:6:      layout_loops_ring, mainiacjoe_overflow_alcove_1,
          mainiacjoe_overflow_chevrons,
          nicolae_uskayaw_murder_on_the_dancefloor, minmay_temple_entry_slanted,
          minmay_misc_feat_nine_boxes, serial_library_hellmonk_u_bend,
          kennysheep_generic_room_14
Sewer:    sewer_co_scattered_pipes

Skill      XL: |  1  2  3  4  5  6  7  8 |
---------------+-------------------------+-----
Stealth        | 3 4 |  4.0
Fighting       | 1 2 4 5 |  5.3
Conjurations   | 5 6 |  6.8
Dodging        | 3 |  3.9
Spellcasting   | 3 |  3.0

Action                     |  1- 3 |  4- 6 |  7- 9 || total
---------------------------+-------+-------+-------++-------
  Melee: Dagger            |    35 |    43 |    44 ||   122
         Constrict         |    10 |     9 |    13 ||    32
         Unarmed           |     1 |       |       ||     1
         Tentacles         |    11 |     6 |     9 ||    26
         Punch             |       |     1 |       ||     1
   Fire: Sling             |     8 |       |       ||     8
  Throw: Dart              |     2 |    10 |       ||    12
         Boomerang         |       |    26 |       ||    26
         Stone             |       |     2 |       ||     2
   Cast: Magic Dart        |    17 |     6 |     3 ||    26
         Searing Ray       |     3 |     9 |       ||    12
         Sting             |       |    12 |    29 ||    41
    Use: Scroll            |       |     4 |     1 ||     5
   Stab: Sleeping          |     6 |     5 |     4 ||    15
 Armour: Skin              |    15 |    29 |    32 ||    76
  Dodge: Dodged            |    20 |    28 |    24 ||    72
